[Event "Late-Titled-Tuesday-Blitz-October-24-2023"]
[Site "Chess.com"]
[Date "2023.10.24"]
[Round "8"]
[White "koncheto"]
[Black "Malev212"]
[Result "1/2-1/2"]
[WhiteElo "2575"]
[BlackElo "2649"]
[TimeControl "180+1"]
[EndTime "15:27:23 PDT"]
[Termination "Game drawn - insufficient material"]

1. e4 c5 2. Nf3 d6 3. d4 cxd4 4. Nxd4 Nf6 5. f3 e5 6. Nb3 Be7 7. c4 O-O 8. Nc3 a5 9. Be3 a4 10. Nc1 Qa5 11. Qd2 Be6 12. Be2 Rc8 13. Nd5 Qxd2+ 14.
Kxd2 Nxd5 15. cxd5 Bd7 16. Nd3 Na6 17. Rac1 f5 18.
Rxc8+ Rxc8 19. Rc1 Rf8 20. Nf2 Bh4 21. Nd3 h5 22. a3 Bf6 23. Nb4 Nxb4 24. axb4 Bd8 25.
Ra1 Bc7 26. Bd1 b5 27. Rc1 Rc8 28. Be2 f4 29. Bf2 Kf8 30. Ba7 g5 31. Bf2 Ke7 32. g3 Kf6 33. Rg1 Rg8 34. gxf4 exf4 35. Bd4+ Kf7 36. Rc1 Bd8 37. Rf1 g4 38. fxg4 Bg5 39.
Be3 hxg4 40. Bxf4 Bxf4+ 41. Rxf4+ Ke7 42. Rf1 Rh8 43. Rf2 Rh4 44. Rg2 Rh3 45. Bxg4 Bxg4 46. Rxg4 Rxh2+ 47. Kc3 Rh3+ 48. Kd4 Rb3 49. Rg7+ Ke8 50.
e5 dxe5+ 51. Kxe5 Rxb2 52. Ke6 Re2+ 53. Kd6 a3 54. Rg8+ Kf7 55. Ra8 a2 56. Ra7+ Kf6 57. Kc7 Ke5 58. d6 Rc2+ 59. Kd7 Rd2 60. Kc7 Rxd6 61.
Rxa2 Rd4 62. Ra5 Rxb4 63. Kb6 Kd4 64. Rxb5 Rxb5+ 65. Kxb5 1/2-1/2

[Event "Late-Titled-Tuesday-Blitz-October-24-2023"]
[Site "Chess.com"]
[Date "2023.10.24"]
[Round "8"]
[White "HajiyevKanan"]
[Black "SlippperyWhenWet"]
[Result "1-0"]
[WhiteElo "2506"]
[BlackElo "2351"]
[TimeControl "180+1"]
[EndTime "15:27:27 PDT"]
[Termination "HajiyevKanan won by resignation"]

1. d4 d5 2. Nf3 Nf6 3. c4 e6 4. Nc3 c6 5. cxd5 exd5 6. Qc2 g6 7. Bg5 Bf5 8. Qb3 Be7 9. Qxb7 O-O 10. Ne5 c5 11. e3 cxd4 12. exd4 Nbd7 13. Ba6 Rb8 14. Nc6 Rxb7 15. Nxd8 Rxb2 16. Nc6 Ba3 17. Nb5 Re8+ 18. Be3 Re6 19. Nxa3 Rxc6 20. Bb5 Rc3 21. Bc1 Rxa2 22. Rxa2 Rxc1+ 23. Ke2 Rxh1 24. h3 Nb6 25. Bc6 Rc1 26.
Bb7 Nc4 27. Nb5 Rc2+ 28. Rxc2 Bxc2 29. Nxa7 Nd6 30. Bc6 h5 31. f3 Bf5 32. g4 hxg4 33. hxg4 Bc2 34. Kd2 Bb3 35. Ke3 Bc4 36. Kf4 Kg7 37.
Ke5 Nde8 38. Nc8 Kf8 39. Nb6 g5 40. Kf5 Nh7 41. Ke5 f6+ 42. Ke6 Nc7+ 43. Kd7 Nb5 44. Kc8 Nd6+ 45. Kd7 Nf7 46. Ke6 Kg7 47. Nd7 Nf8+ 48.
Ke7 Nxd7 49. Bxd7 Nh6 50. Be6 Be2 51. Bxd5 Ng8+ 52. Ke6 Nh6 53. Be4 Nf7 54. Ke7 Bc4 55. d5 Ne5 56. d6 Bb5 57. Ke6 Bd7+ 58. Ke7 Bc8 59. Bf5 Bxf5 60. gxf5 Nc6+ 61. Ke8 Ne5 62.
d7 Nxd7 63. Kxd7 Kf7 64. Kd6 Kf8 65. Ke6 Kg7 66. Ke7 Kh6 67. Kxf6 1-0

[Event "Late-Titled-Tuesday-Blitz-October-24-2023"]
[Site "Chess.com"]
[Date "2023.10.24"]
[Round "8"]
[White "BardArtem"]
[Black "Zhigalko_Sergei"]
[Result "0-1"]
[WhiteElo "2707"]
[BlackElo "2952"]
[TimeControl "180+1"]
[EndTime "15:27:29 PDT"]
[Termination "Zhigalko_Sergei won on time"]

1. e4 c5 2. c3 d5 3. exd5 Qxd5 4. d4 Nf6 5. Nf3 Nc6 6. Be3 cxd4 7. cxd4 e6 8. Nc3 Qd6 9. Bd3 Be7 10. O-O O-O 11. Rc1 Rd8 12. a3 Bd7 13. Ne4 Nxe4 14.
Bxe4 Rac8 15. d5 exd5 16. Qxd5 Qxd5 17. Bxd5 b6 18. Rfd1 Be8 19. h3 h6 20. Ba2 Rxd1+ 21. Rxd1 Bf6 22. b4 Ne5 23. Nd4 Ba4 24. Rc1 Rxc1+ 25. Bxc1 Nc6 26. Nf5 Kf8 27. Nd6 Nd4 28. Be3 Nc2 29. Bc1 Nd4 30. Kh1 Bb3 31. Bb1 Ne2 32.
Be3 Bb2 33. Nc8 Bxa3 34. Nxa7 Nc3 35. Bd3 Nd5 36. Bd4 Bxb4 37. Nc8 Bc5 38. Be5 Bxf2 39.
Be4 Bc5 40. Nd6 Nf6 41. Bf3 Nd7 42. Bh2 Nf6 43. Nf5 Bd5 44. Be2 Ne4 45. Bb8 Nf2+ 46. Kh2 Ne4 47. Be5 g6 48. Nxh6 Bd6 49. Bxd6+ Nxd6 50.
Ng4 b5 51. Ne5 Ke7 52. Kg3 Ke6 53. Nd3 Bc4 54. Kf2 Bxd3 55. Bxd3 b4 56. Ke3 Ke5 57. h4 Nf5+ 58. Kd2 Nxh4 59. g3 Nf5 60. g4 Nh6 61. g5 Nf5 62. Kc2 Kf4 63. Bc4 Nd6 0-1

[Event "Late-Titled-Tuesday-Blitz-October-24-2023"]
[Site "Chess.com"]
[Date "2023.10.24"]
[Round "8"]
[White "WPWPWP-2015"]
[Black "ellatambien"]
[Result "0-1"]
[WhiteElo "2594"]
[BlackElo "2659"]
[TimeControl "180+1"]
[EndTime "15:27:31 PDT"]
[Termination "ellatambien won by resignation"]

1. e4 e5 2. Nf3 Nc6 3. Bb5 Bc5 4. O-O Qf6 5. h3 Nge7 6. c3 O-O 7. d3 h6 8. Be3 Bb6 9. Nbd2 d5 10. Bxb6 axb6 11. exd5 Nxd5 12. Ne4 Qg6 13. Bxc6 bxc6 14. Nxe5 Qe6 15.
Nf3 Nf4 16. Ng3 Rxa2 17. Rxa2 Qxa2 18. Qd2 Ng6 19. Re1 c5 20. d4 Rd8 21. Ne5 Nxe5 22.
Rxe5 cxd4 23. cxd4 Be6 24. Qc3 Rd7 25. Nh5 Qb3 26. Nf4 Qxc3 27. bxc3 Bc4 28. Re8+ Kh7 29. f3 b5 30. Rb8 Re7 31. Kf2 g5 32. Nh5 Re2+ 33.
Kg1 Re3 34. f4 Kg6 35. g4 f5 36. Rf8 fxg4 37. hxg4 gxf4 38. Nxf4+ Kg5 39. Ng2 Rxc3 40. Rc8 Bd5 41. Ne1 Kxg4 42. Kf2 Kf4 43. Rf8+ Ke4 44.
Rd8 Kxd4 45. Rb8 c6 46. Ke2 Bc4+ 47. Kd2 Rh3 48. Nc2+ Kc5 49. Rf8 b4 50. Rf5+ Bd5 51.
Ne3 b3 52. Rf1 Kb4 53. Kd3 c5 54.
Rf4+ Ka3 55. Rf5 c4+ 56. Kd4 Be6 57. Ra5+ Kb2 58. Ra6 Bf7 59. Ra7 Rf3 60. Ke4 Rf2 61.
Ng4 Bg6+ 62. Ke3 Rf7 63. Ne5 Rxa7 64. Nxc4+ Kc1 65. Ne5 b2 66. Nxg6 b1=Q 67. Nf4 Ra3+ 68. Kf2 Qe4 69. Ne2+ Kd2 70. Kg1 Qxe2 71. Kh1 Rh3+ 0-1

[Event "Late-Titled-Tuesday-Blitz-October-24-2023"]
[Site "Chess.com"]
[Date "2023.10.24"]
[Round "8"]
[White "Kombinator01"]
[Black "falzehope0"]
[Result "1-0"]
[WhiteElo "2428"]
[BlackElo "2314"]
[TimeControl "180+1"]
[EndTime "15:27:32 PDT"]
[Termination "Kombinator01 won by resignation"]

1. e4 e6 2. d4 d5 3. Nd2 f5 4. exf5 exf5 5. c4 Nf6 6. Ngf3 Be7 7. Ne5 O-O 8. Be2 b6 9. O-O Bb7 10. b3 Kh8 11. Ndf3 Ne4 12. Bb2 Nd7 13. Rc1 Ndf6 14.
Re1 c6 15. a3 Qe8 16. b4 Rd8 17. c5 b5 18. a4 a6 19. axb5 axb5 20. Ra1 Ra8 21.
Qd3 Qc8 22. h4 Kg8 23. Ng5 Bd8 24. Rxa8 Bxa8 25. Bd1 Bb7 26. Bc2 Bc7 27. Qh3 Nh5 28. f3 Neg3 29. Bc1 Qe8 30. Bf4 Nxf4 31. Qxg3 Nh5 32.
Qf2 h6 33. Nh3 Bc8 34. Qd2 f4 35. Nf2 Qd8 36. Nfg4 Qxh4 37. Ng6 Qg5 38. Ne7+ Kf7 39. Bg6+ Qxg6 40. Nxg6 Kxg6 41. Ne5+ Kh7 42. Nxc6 Bf5 43. Ne7 Bc8 44. Nxd5 Re8 45. Rxe8 Bf5 46. Re7 Bd8 47.
Rf7 Bg6 48. Rd7 Bh4 49. Nxf4 Bg5 50. g3 Nxg3 51. c6 Bxf4 52. Qxf4 Ne2+ 53. Kf2 Nxf4 54. c7 Nd3+ 55. Ke3 Bf5 56. c8=Q Bxd7 57. Qxd7 Ne1 58.
Qxb5 Ng2+ 59. Kf2 Nf4 60. Qf5+ Ng6 61. b5 h5 62. Qxh5+ Kg8 63. Qxg6 Kf8 64. Qxg7+ Kxg7 65. b6 Kf7 66. b7 Ke7 67. b8=Q Kd7 68. Qb6 Ke7 69. Qh6 Kf7 70. Ke3 Ke7 71. Kf4 Kf7 72.
Ke5 Ke7 73. Qg7+ Kd8 74. Kd6 Kc8 75. Qe7 Kb8 76. f4 Ka8 77. f5 Kb8 78. f6 Ka8 79. f7 1-0

[Event "Late-Titled-Tuesday-Blitz-October-24-2023"]
[Site "Chess.com"]
[Date "2023.10.24"]
[Round "8"]
[White "Haykoooo0o"]
[Black "bylavochka"]
[Result "0-1"]
[WhiteElo "2436"]
[BlackElo "2368"]
[TimeControl "180+1"]
[EndTime "15:27:34 PDT"]
[Termination "bylavochka won by checkmate"]

1. d4 Nf6 2. Nf3 g6 3. Bf4 Bg7 4. h3 O-O 5. e3 d6 6. Be2 Nbd7 7. c3 b6 8. O-O c5 9. Bh2 Bb7 10. Nbd2 a6 11. b4 Rc8 12. Qb3 Rc7 13. bxc5 bxc5 14. Rab1 Qa8 15. Qa3 Ne4 16. Nxe4 Bxe4 17. Rb2 Rfc8 18.
Bg3 Rb8 19. Rxb8+ Nxb8 20. Rd1 cxd4 21. cxd4 Qd5 22. Rc1 Rxc1+ 23. Qxc1 Qxa2 24. Qc8+ Bf8 25. Qxb8 Qxe2 26. Bf4 Qb5 27. Qd8 Bc6 28. Bh6 Be8 29. Bxf8 Kxf8 30. Qa8 a5 31. Nd2 a4 32. Qc8 Qb2 33.
Nc4 Qc1+ 34. Kh2 a3 35. Qa6 Bb5 36. Qa8+ Kg7 37. Nxa3 Be2 38. Qa5 Qa1 39. Qb4 Qf1 40.
Kg3 h5 41. h4 Bd3 42. Qc3 Qd1 43. d5+ f6 44. Qd4 Qe2 45. Nc4 Bxc4 46. e4 Bd3 47. f3 Qe1+ 48. Kh3 Qe2 49. Kg3 Kf7 50. Kh2 Qc2 51.
e5 dxe5 52. Qe3 Qc4 53. Qh6 Qxh4+ 54. Kg1 Qd4+ 55. Kh2 Qxd5 56. Qh7+ Ke6 57. Qg8+ Kd6 58. Qd8+ Kc5 59. Qa5+ Kd4 60. Qb4+ Ke3 61. Qxe7 Qc6 62. Qa7+ Kf4 63. Qf2 Kf5 64. Qd2 Qc4 65. Qh6 Qf4+ 66.
Qxf4+ Kxf4 67. Kg1 Ke3 68. Kh2 e4 69. Kg3 exf3 70.
gxf3 Be2 71. f4 f5 72. Kh4 Kxf4 73. Kh3 Kg5 74. Kh2 f4 75. Kg1 Bg4 76. Kf2 h4 77.
Kg1 h3 78. Kh2 Kh4 79. Kg1 Kg3 80. Kh1 Bf3+ 81. Kg1 h2+ 82. Kf1 h1=Q# 0-1

[Event "Late-Titled-Tuesday-Blitz-October-24-2023"]
[Site "Chess.com"]
[Date "2023.10.24"]
[Round "8"]
[White "Grischuk"]
[Black "DanielNaroditsky"]
[Result "0-1"]
[WhiteElo "2988"]
[BlackElo "3206"]
[TimeControl "180+1"]
[EndTime "15:27:35 PDT"]
[Termination "DanielNaroditsky won on time"]

1. d4 Nf6 2. c4 g6 3. g3 Bg7 4. Bg2 O-O 5. Nc3 d6 6. Nf3 Nbd7 7. O-O e5 8. e4 c6 9. b3 exd4 10. Nxd4 Nc5 11. Be3 Ng4 12. Bf4 Ne5 13. Qd2 a5 14. Rab1 Re8 15. h3 a4 16. Be3 axb3 17. axb3 Ra3 18.
Qc2 h5 19. Rfd1 Qe7 20. f4 Ned7 21. Bf2 Nf6 22. Re1 Ne6 23. Nde2 Nd7 24. Red1 h4 25. g4 g5 26. f5 Nc7 27. Qc1 Ra8 28. Be3 Bf6 29.
Qd2 Kg7 30. Qxd6 Qxd6 31. Rxd6 Be5 32. Rd2 f6 33. Rc2 Ra3 34. Nd4 Na6 35. Nf3 Bc7 36.
Bc1 Nb4 37. Rd2 Ra8 38. Na4 Ne5 39. Bb2 b5 40. cxb5 cxb5 41. Nc5 Nbc6 42. Nxe5 Nxe5 43. Nd3 Ra7 44. Nxe5 Bxe5 45. Bxe5 Rxe5 46. Rc1 Re8 47. Kf2 Kf8 48. Rc6 Rf7 49. Ke3 Bb7 50. Rb6 Kg7 51.
Rxb5 Rfe7 52. Rb4 Bc6 53. Bf3 Re5 54. Rdd4 R8e7 55. Rbc4 Bb5 56. Rc3 Bf1 57. Rc2 Rb5 58.
Kf2 Rxb3 59. Rcd2 Bxh3 60. Rd7 Kf8 61. Rxe7 Kxe7 62. Rc2 Bf1 63. Rc7+ Kd6 64. Rc1 Bb5 65. Rd1+ Ke5 66. Bg2 Kf4 67. Rd6 Rb2+ 68. Kg1 Kg3 0-1

[Event "Late-Titled-Tuesday-Blitz-October-24-2023"]
[Site "Chess.com"]
[Date "2023.10.24"]
[Round "8"]
[White "louis198"]
[Black "Beca95"]
[Result "0-1"]
[WhiteElo "2661"]
[BlackElo "2917"]
[TimeControl "180+1"]
[EndTime "15:27:36 PDT"]
[Termination "Beca95 won by resignation"]

1. d4 Nf6 2. Bf4 e6 3. e3 c5 4. c3 Nc6 5. Nd2 d5 6. Ngf3 Nh5 7. Bg3 Nxg3 8. hxg3 Qb6 9. Qb3 g6 10. Bb5 Bg7 11. O-O O-O 12. Bxc6 Qxc6 13. Ne5 Qc7 14.
Ndf3 f6 15. Ng4 c4 16. Qc2 e5 17. Ngh2 e4 18. Nd2 f5 19. b3 Be6 20. bxc4 dxc4 21. Rfb1 Bd5 22. a4 h5 23. Rb5 Qd7 24. Nhf1 Rac8 25.
Rab1 Rc7 26. a5 g5 27. Qd1 Qf7 28. Rxd5 Qxd5 29. Qxh5 g4 30. Rb4 Rfc8 31. Nh2 Qf7 32. Qg5 Rc6 33. Rb5 Rf8 34. Nhf1 a6 35. Rb4 Kh7 36. d5 Rh6 37. Rxc4 Be5 38. Rxe4 Rg8 39. Qxh6+ Kxh6 40. Rxe5 Kg7 41. e4 fxe4 42. Ne3 Re8 43. Rf5 Qc7 44. Ndc4 Qd7 45. Rf4 Qa4 46. Rxg4+ Kf8 47. Rf4+ Ke7 48. Rxe4+ Kd8 49. Rd4 Qa1+ 50. Rd1 Qxc3 51. d6 Re4 52. Nb6 Qxa5 53. Nbd5 Qc5 54. Nf4 Rxe3 55. fxe3 Qxe3+ 56. Kh2 Kd7 57. Rd3 Qe5 58. Rd5 Qh8+ 59. Rh5 Qg7 60. Rd5 b5 61. g4 Qh6+ 62. Kg3 b4 63. g5 Qg7 64. Nh5 Qc3+ 65.
Kf4 Qc4+ 66. Ke5 Qe2+ 67. Kd4 Qxh5 0-1

[Event "Late-Titled-Tuesday-Blitz-October-24-2023"]
[Site "Chess.com"]
[Date "2023.10.24"]
[Round "8"]
[White "SanchezKelvin"]
[Black "jk13"]
[Result "1/2-1/2"]
[WhiteElo "2566"]
[BlackElo "2675"]
[TimeControl "180+1"]
[EndTime "15:27:36 PDT"]
[Termination "Game drawn - insufficient material"]

1. e4 e5 2. Nf3 Nc6 3. Bb5 a6 4. Ba4 Nf6 5. O-O b5 6. Bb3 Bc5 7. a4 Rb8 8. axb5 axb5 9. Nxe5 Nxe5 10. d4 Bxd4 11. Qxd4 d6 12. Bg5 h6 13. Bh4 c5 14.
Qe3 c4 15. Ba2 O-O 16. Nd2 Re8 17. b3 cxb3 18. Bxb3 Ng6 19. Bg3 Nh5 20. Ra7 Be6 21.
f4 Nxg3 22. hxg3 Bxb3 23. Nxb3 Qb6 24. Qxb6 Rxb6 25. Re1 Rc6 26. Re2 Rc4 27. Rb7 b4 28. Rb6 Rexe4 29. Rxe4 Rxe4 30. Rxd6 Rc4 31. Rd2 h5 32. f5 Ne5 33. Nd4 Ng4 34. Nf3 f6 35. Ne1 Ne3 36. Kf2 Nxf5 37. Nd3 Nd4 38. Ne1 Kf7 39. Ke3 Nf5+ 40. Kd3 Rd4+ 41. Ke2 Nxg3+ 42.
Kd1 Rxd2+ 43. Kxd2 Ke6 44. Nd3 g5 45. Nxb4 h4 46.
Ke3 Nf5+ 47. Kf2 g4 48. Nd3 Nd4 49. c3 Nc6 50. Ke3 Ne5 51. Nf4+ Kf5 52. Nd5 Nc4+ 53.
Kd4 Nd6 54. Ke3 Ke5 55. Nb4 f5 56. Nd3+ Kf6 57. Kf4 Nb5 58. c4 Nd4 59. c5 Ne6+ 60. Ke3 Kg5 61. c6 h3 62. gxh3 gxh3 63. Kf3 Kh4 64. Kf2 Kg4 65. Ne5+ Kf4 66. Nd3+ Kg5 67.
Nc5 Nc7 68. Kg3 f4+ 69. Kxh3 Kf5 70. Kg2 Ke5 71. Kf3 Kd5 72. Nd3 Ne6 73. Nxf4+ Kxc6 1/2-1/2

[Event "Late-Titled-Tuesday-Blitz-October-24-2023"]
[Site "Chess.com"]
[Date "2023.10.24"]
[Round "8"]
[White "FM_Kappeler"]
[Black "randy296"]
[Result "1-0"]
[WhiteElo "2288"]
[BlackElo "2096"]
[TimeControl "180+1"]
[EndTime "15:27:40 PDT"]
[Termination "FM_Kappeler won on time"]

1. d4 Nf6 2. c4 e5 3. dxe5 Ng4 4. Nf3 Nc6 5. Nc3 Ngxe5 6. Nxe5 Nxe5 7. e3 d6 8. Be2 Be6 9. O-O g6 10. f4 Nd7 11. e4 f5 12. exf5 Bxf5 13. Bf3 c6 14. Re1+ Kf7 15. g4 Be6 16. f5 gxf5 17. gxf5 Rg8+ 18.
Kh1 Bxf5 19. Bh5+ Bg6 20. Qf3+ Qf6 21. Qh3 Ne5 22. Rf1 Qxf1+ 23. Qxf1+ Kg7 24. Bxg6 Nxg6 25. Be3 Be7 26. Bd4+ Ne5 27. Bxe5+ dxe5 28. Qf5 Raf8 29. Rg1+ Kh8 30. Qxe5+ Bf6 31. Rxg8+ Kxg8 32. Qe6+ Kh8 33. Ne4 Bd4 34. Ng3 Rg8 35. Qf7 b5 36. cxb5 cxb5 37. b3 a5 38. Kg2 a4 39. bxa4 bxa4 40. Qc4 Rg4 41. Qc8+ Rg8 42. Qa6 Be5 43. Qxa4 h5 44. Qh4 Bb8 45. Qxh5+ Kg7 46. Qg5+ Kf7 47. Qf5+ Kg7 48. a4 Kh6 49. a5 Rg5 50. Qf6+ Rg6 51. Qh4+ Kg7 52. Qe7+ Kh6 53. Qe3+ Kg7 54. Qd3 Rg5 55.
a6 Re5 56. Qc3 Kg6 57. Qc2+ Kg5 58. Qc1+ Kg4 59. Qb2 Re3 60. Qxb8 Ra3 61. Qg8+ Kh4 62. Qh8+ Kg4 63. Qg8+ 1-0

[Event "Late-Titled-Tuesday-Blitz-October-24-2023"]
[Site "Chess.com"]
[Date "2023.10.24"]
[Round "8"]
[White "Angry_Twin"]
[Black "FabianoCaruana"]
[Result "1-0"]
[WhiteElo "2955"]
[BlackElo "3082"]
[TimeControl "180+1"]
[EndTime "15:27:44 PDT"]
[Termination "Angry_Twin won by resignation"]

1. d4 Nf6 2. c4 g6 3. Nf3 d6 4. g3 Bg7 5. Bg2 O-O 6. O-O c6 7. Nc3 Bf5 8. Qb3 Qc7 9. Bf4 Re8 10. c5 Be6 11. Qc2 Na6 12. e4 Qd7 13. cxd6 exd6 14. Rfe1 Nc7 15. Rad1 h6 16. Qc1 g5 17. Be3 Bh3 18.
Bh1 Ng4 19. Bd2 Rad8 20. a3 a6 21. Qc2 Nf6 22. Bc1 Nb5 23. Nxb5 axb5 24. Nd2 Bg4 25. f3 Bh5 26. Qd3 Bg6 27. Qf1 Qe6 28. Qf2 h5 29.
Bg2 c5 30. d5 Qe7 31. Kh1 Rc8 32. Qf1 c4 33. a4 Nd7 34. axb5 Ne5 35. Re3 Nd3 36.
Nxc4 Nxc1 37. Rxc1 h4 38. e5 dxe5 39. d6 Qd7 40. Rd1 Rcd8 41. Nb6 Qe6 42. Nc4 Bf5 43. g4 Bc2 44. Rd2 Bg6 45. h3 e4 46. fxe4 Rd7 47. e5 Rf8 48. Bd5 Qe8 49. Qf3 Kh8 50. Rf2 Qd8 51. Re1 Kh7 52. Qe3 Kh8 53. Be4 Bxe4+ 54.
Qxe4 Re8 55. Qd5 Re6 56. Rf5 Qe8 57. Ref1 f6 58. exf6 Bxf6 59. Rxf6 Rxf6 60. Rxf6 Qe1+ 61. Kg2 Qg3+ 62. Kf1 Qxh3+ 63. Qg2 Qd3+ 64. Qe2 Qh3+ 65. Ke1 Qg3+ 66. Kd2 Rd8 67. Qe7 Qg2+ 68. Kc3 Qg3+ 69. Kb4 Ra8 70. Rh6+ 1-0

[Event "Late-Titled-Tuesday-Blitz-October-24-2023"]
[Site "Chess.com"]
[Date "2023.10.24"]
[Round "8"]
[White "Kirill_Klukin"]
[Black "Semetey"]
[Result "1-0"]
[WhiteElo "2637"]
[BlackElo "2517"]
[TimeControl "180+1"]
[EndTime "15:27:49 PDT"]
[Termination "Kirill_Klukin won on time"]

1. d4 a6 2. c4 e6 3. Nc3 d5 4.
cxd5 exd5 5. Bf4 c6 6. e3 Bd6 7.
Qf3 Ne7 8. Bd3 Bf5 9. Bxf5 Nxf5 10. Nge2 O-O 11. h3 Re8 12. g4 Bxf4 13. gxf5 Bh6 14. Rg1 Nd7 15. O-O-O Nf6 16. Ng3 Rc8 17. Nh5 Nxh5 18.
Qxh5 Qf6 19. Kb1 b5 20. Ne2 a5 21. Ng3 c5 22. Qf3 c4 23. Nh5 Qe7 24. Nxg7 Bxg7 25.
f6 Qe4+ 26. Qxe4 Rxe4 27. Rxg7+ Kh8 28. Rxf7 Re6 29. Rg1 Rg8 30. Rfg7 Rxg7 31. fxg7+ Kg8 32. Rg5 Rd6 33. Kc2 b4 34. Kd2 a4 35. a3 bxa3 36. bxa3 h6 37. Re5 Kxg7 38. Kc3 Kf6 39. f3 Rb6 40.
Rxd5 Rb3+ 41. Kxc4 Rxe3 42. Rd6+ Kg5 43. h4+ Kxh4 44.
Rxh6+ Kg5 45. Ra6 Rxa3 46. Kd5 Kf5 47. Kd6 Ra1 48. d5 a3 49. Kd7 a2 50. d6 Kf6 51.
f4 Kf5 52. Ra4 Kf6 53. Ra5 Kf7 54. f5 Kf6 55. Kd8 Kf7 56. d7 Kf8 57. Ra3 Kf7 58.
Ra6 Kg7 59. f6+ Kf7 60. Kc8 Rc1+ 61. Kb7 Rd1 62. Kc7 Rc1+ 63. Kb8 Rb1+ 64. Kc8 Rc1+ 65. Kb7 Rd1 66. Kc7 Rxd7+ 67. Kxd7 a1=Q 68. Rxa1 Kxf6 69. Ra6+ Ke5 70. Re6+ Kd4 71. Ke7 1-0

[Event "Late-Titled-Tuesday-Blitz-October-24-2023"]
[Site "Chess.com"]
[Date "2023.10.24"]
[Round "8"]
[White "Chempiblinka"]
[Black "Tunahan_Makaraci"]
[Result "1-0"]
[WhiteElo "2333"]
[BlackElo "2412"]
[TimeControl "180+1"]
[EndTime "15:27:52 PDT"]
[Termination "Chempiblinka won by resignation"]

1. Nf3 d5 2. g3 c5 3. Bg2 Nf6 4. c4 e6 5. O-O Nc6 6. d4 cxd4 7. Nxd4 Bc5 8. Nb3 Bb6 9. cxd5 exd5 10. Nc3 d4 11. Na4 O-O 12. Bg5 Re8 13. Nxb6 axb6 14.
Bxf6 Qxf6 15. Bxc6 bxc6 16. Qxd4 Qxd4 17. Nxd4 c5 18. Nf3 Rxe2 19. Rfe1 Ba6 20. b3 Rb2 21.
Ne5 Bb7 22. Nd7 h6 23. Nxb6 Raxa2 24. Rxa2 Rxa2 25. Nd7 g6 26. Nxc5 Bf3 27. Nd3 Ra3 28. Nc5 Bd5 29. Rb1 Kf8 30. b4 Ke7 31. h4 Kd6 32. Kf1 Bf3 33. Nb3 Be4 34. Rd1+ Ke5 35. Nd4 Ra4 36. Ke1 Rxb4 37. f4+ Kf6 38. Kf2 Rb2+ 39.
Ke3 Bb7 40. Ne2 Rb3+ 41. Kf2 Rf3+ 42. Ke1 Ba6 43. Rd6+ Kf5 44. Rxa6 Kg4 45. Rf6 Re3 46. Kd2 Kf3 47. Nd4+ Kf2 48. Rxf7 Rxg3 49. Rg7 Rg4 50. Ne6 Kg3 51. h5 gxh5 52. f5 Kh4 53. Rxg4+ hxg4 54.
f6 g3 55. Nf4 Kg4 56. Ng2 Kf3 57. Ne1+ Kg4 58. f7 h5 59. f8=Q h4 60. Qg7+ Kh3 61. Qd7+ Kh2 62. Qg4 h3 63. Nf3+ Kg2 64. Ne1+ Kh2 65.
Qf3 g2 66. Qf2 Kh1 67. Qf3 Kh2 68. Qf2 Kh1 69. Nxg2 hxg2 70. Qh4+ Kg1 71. Ke3 Kf1 72. Qh3 Kg1 73. Kf3 1-0

[Event "Late-Titled-Tuesday-Blitz-October-24-2023"]
[Site "Chess.com"]
[Date "2023.10.24"]
[Round "8"]
[White "Nf3c5"]
[Black "mind1mover"]
[Result "0-1"]
[WhiteElo "2629"]
[BlackElo "2807"]
[TimeControl "180+1"]
[EndTime "15:27:55 PDT"]
[Termination "mind1mover won by checkmate"]

1. d4 d6 2. e4 Nf6 3. Bd3 e5 4. c3 Nc6 5. Nf3 Bg4 6. d5 Nb8 7. Nbd2 Be7 8. h3 Bxf3 9. Nxf3 Nbd7 10. Be3 c6 11. c4 a5 12. O-O O-O 13. Re1 Qb8 14.
Qe2 Bd8 15. Rad1 Bb6 16. Bg5 h6 17. Bc1 a4 18. g3 Rc8 19. Nh4 cxd5 20. cxd5 Qc7 21.
Nf5 Nf8 22. Qf3 Qd8 23. Kh1 Ng6 24. a3 Rc7 25. Rg1 Rac8 26. Bd2 Nh7 27. h4 Bd4 28. Ba5 b6 29. Bb4 Bc5 30. Bd2 Qf6 31. Rdf1 Ne7 32. Nxe7+ Rxe7 33. Qg4 Rec7 34. Rg2 Qg6 35. Qe2 Nf6 36.
Ba6 Ra8 37. f3 Bd4 38. Bc1 Nh5 39. Kh2 Nf6 40. Bb5 Rac8 41. Bc6 Rxc6 42. dxc6 Rxc6 43. f4 Qxe4 44. Qb5 Rc2 45. Rxc2 Qxc2+ 46. Kh3 Qf5+ 47. Kg2 Qe4+ 48. Kh3 Qf5+ 49. Kg2 Ng4 50. Qe2 h5 51. fxe5 Qxe5 52. Qxe5 Nxe5 53. Rd1 Bc5 54. Bf4 Nc4 55.
Bc1 f6 56. Kf3 Kf7 57. Ke4 Ke6 58. Kd3 Ne5+ 59. Ke2 d5 60. Be3 Nc4 61. Bc1 d4 62. Kd3 Kd5 63. Ke2 Ke4 64. Re1 d3+ 65. Kd1+ Kd5 66.
Rf1 Be3 67. Re1 Bxc1 68. Re8 d2 69. Rd8+ Ke4 70. Re8+ Kf3 71. Rc8 Nxb2+ 72. Kc2 d1=Q+ 73. Kb1 Qd3+ 74. Ka2 Qb3+ 75. Kb1 Nc4+ 76. Ka1 Qb2# 0-1

[Event "Late-Titled-Tuesday-Blitz-October-24-2023"]
[Site "Chess.com"]
[Date "2023.10.24"]
[Round "8"]
[White "Mikhal867"]
[Black "dennisodessa"]
[Result "0-1"]
[WhiteElo "2436"]
[BlackElo "2558"]
[TimeControl "180+1"]
[EndTime "15:28:10 PDT"]
[Termination "dennisodessa won on time"]

1. d4 Nf6 2. c4 e6 3. g3 Bb4+ 4.
Bd2 a5 5. Bg2 O-O 6. Nf3 b6 7. Ne5 Ra7 8. O-O Bb7 9. Nc3 Bxg2 10. Kxg2 Qe7 11. a3 Bxc3 12. Bxc3 d6 13. Nd3 Ne4 14.
Be1 a4 15. f3 Nf6 16. e4 c5 17. e5 Nfd7 18. exd6 Qxd6 19. dxc5 bxc5 20. Bf2 Nc6 21. Nb4 Qxd1 22. Rfxd1 Rc8 23. Bxc5 Nxc5 24. Nxc6 Rac7 25. Nd4 Nb7 26. b3 axb3 27. Rab1 Rxc4 28. Rxb3 Nc5 29. Rb4 Rc3 30. Nb5 Rc2+ 31. Kh3 h5 32. Nd6 Ra8 33. Rc4 Rxc4 34. Nxc4 Ra4 35. Rc1 Nb3 36.
Rc3 Nd4 37. Nb6 Ra6 38. Nc8 Nb5 39. Rb3 Nxa3 40. Ne7+ Kh7 41. Nc8 Rc6 42. Rxa3 Rxc8 43. Ra5 Kg6 44. f4 Rc2 45. Rg5+ Kh6 46. Ra5 g6 47. Rb5 Kg7 48. Ra5 Kf6 49. Rb5 Re2 50. Ra5 Kg7 51. Rb5 Kh6 52. Ra5 f6 53. Rb5 e5 54.
fxe5 fxe5 55. Rb6 Kg5 56. Re6 Kf5 57. Re7 e4 58. Rf7+ Kg5 59. Re7 e3 60. Re5+ Kf6 61. Re8 Kf5 62. Rf8+ Ke4 63. Rf6 g5 64. g4 hxg4+ 65.
Kxg4 Rxh2 66. Kxg5 Kd3 67. Rd6+ Ke2 68. Kf4 Rh4+ 69.
Kg3 Rh8 70. Ra6 Rg8+ 71. Kf4 Rf8+ 72. Ke4 Re8+ 73. Kf4 Kf2 74. Rh6 e2 75. Rh2+ Ke1 76.
Kf3 Rf8+ 77. Ke3 Re8+ 78. Kd3 Kd1 0-1

[Event "Late-Titled-Tuesday-Blitz-October-24-2023"]
[Site "Chess.com"]
[Date "2023.10.24"]
[Round "8"]
[White "Lady_Nika"]
[Black "wild3000"]
[Result "1-0"]
[WhiteElo "2529"]
[BlackElo "2399"]
[TimeControl "180+1"]
[EndTime "15:28:14 PDT"]
[Termination "Lady_Nika won by checkmate"]

1. e4 a6 2. d4 e6 3. c4 d6 4. Nc3 Nf6 5. f3 Be7 6. Be3 c6 7. Bd3 b5 8. Nge2 Nbd7 9. b3 b4 10.
Na4 a5 11. O-O O-O 12. Qc2 c5 13. d5 e5 14. h3 Re8 15. a3 Nf8 16. Nb2 Bd7 17.
Bd2 Ng6 18. Ra2 Qb6 19. Rfa1 Qb7 20. Nd1 Reb8 21. Nf2 Nh5 22. Ng4 Nhf4 23. Nxf4 exf4 24. a4 h5 25. Nf2 Bf6 26. Re1 Be5 27. Bf1 Nh4 28. Nd3 Bd4+ 29. Kh1 g5 30. Be2 Qc8 31.
Bf1 f6 32. Bc1 Kg7 33. Bb2 Be5 34. Bc1 Kf7 35. Qd1 Qh8 36. Nxe5+ fxe5 37. Kg1 Rg8 38. Kf2 Qf6 39. Ke2 g4 40. hxg4 hxg4 41. Kd3 gxf3 42. gxf3 Rg3 43. Rf2 Rag8 44. Be2 Bh3 45. Rh1 Bg2 46.
Rh2 Rh3 47. Rxh3 Bxh3 48. Qh1 Rg3 49. Bd2 Bg2 50. Qd1 Qg5 51. Kc2 Qh5 52. Be1 Bxf3 53. Rxf3 Rxf3 54. Bxf3 Qxf3 55. Bxh4 Qxe4+ 56. Kb2 Qd4+ 57. Qxd4 cxd4 58. Kc2 e4 59. Kd2 f3 60. Bf2 d3 61.
Ke3 Kf6 62. Bh4+ Ke5 63. Bg3+ Kf5 64. Bxd6 Kg4 65. Be5 Kh3 66. d6 Kg2 67. d7 d2 68.
Kxd2 f2 69. d8=Q f1=Q 70. Qg5+ Kh1 71. Qh5+ Kg2 72. Qe2+ Qf2 73. Qxf2+ Kxf2 74. Bd4+ Kf3 75. Be3 Kg4 76. c5 Kf5 77. c6 Ke6 78. c7 Kd7 79. Bf4 Kc8 80. Ke3 Kb7 81. Kxe4 Kc8 82. Kd4 Kb7 83.
Kd5 Kc8 84. Kd6 Kb7 85. Kd7 Kb6 86. Be3+ Kb7 87. c8=Q# 1-0